[ AOE2 MATCH · #504748950 ]
UnrankedItalians vs Huns
Player's team · WIN
Rival team · LOSS
[ REPLAY ANALYSIS · EXTRACTED FROM THE RECORDED GAME ]
Feudal
8:27
Castle
25:40
Imperial
—
| APM avg | 61.7 |
| APM peak | 93 |
| eAPM avg | 27.7 |
| Villagers / military | 65 / 42 |
Focus
⚔️ 48.0% · 🌾 52.0%
Archer ×29 · Scout Cavalry ×10 · Spearman ×3
Feudal
8:55
Castle
25:58
Imperial
—
| APM avg | 75.1 |
| APM peak | 103 |
| eAPM avg | 24.1 |
| Villagers / military | 53 / 39 |
Focus
⚔️ 28.5% · 🌾 71.5%
Skirmisher ×20 · Scout Cavalry ×9 · Spearman ×7 · Knight ×3
Match map
Initial resources + every placement click. Lines = walls · curves = elevation contours. ◆ gold · ⬟ stone · ● berries · ✦ relic · ◌ wall gap
Your base· Open — unwalled flank
OS+ | Sziky's base· Open — unwalled flank
Smoothed initial terrain · ◌ = detected wall gap · hover for details
Inputs per minute
— Dennis哥 - - OS+ | Sziky
Build order — Dennis哥
First 150 of 195 actions detected
| 0:00 | Create | Villager (Male) ×4 |
| 0:02 | Build | House |
| 0:02 | Build | House |
| 1:24 | Create | Villager (Male) |
| 1:25 | Create | Villager (Male) |
| 1:49 | Create | Villager (Male) |
| 1:51 | Build | Lumber Camp |
| 2:21 | Create | Villager (Male) |
| 2:21 | Create | Villager (Male) |
| 2:51 | Create | Villager (Male) |
| 2:51 | Create | Villager (Male) |
| 3:08 | Create | Villager (Male) |
| 3:08 | Create | Villager (Male) |
| 3:35 | Build | House |
| 3:40 | Create | Villager (Male) |
| 3:40 | Create | Villager (Male) |
| 3:41 | Create | Villager (Male) |
| 4:05 | Create | Villager (Male) |
| 4:05 | Create | Villager (Male) |
| 4:16 | Build | Mill |
| 4:23 | Create | Villager (Male) |
| 4:23 | Create | Villager (Male) |
| 4:55 | Create | Villager (Male) |
| 5:45 | Create | Villager (Male) |
| 6:17 | Research | Feudal Age |
| 6:17 | Research | Feudal Age |
| 7:27 | Research | Loom |
| 7:40 | Build | Mining Camp |
| 7:45 | Build | House |
| 7:54 | Build | Barracks |
| 8:09 | Create | Villager (Male) |
| 8:27 | Age | Feudal Age |
| 8:38 | Build | Archery Range |
| 8:41 | Create | Spearman |
| 8:48 | Create | Villager (Male) |
| 8:54 | Build | Watch Tower |
| 9:00 | Build | Watch Tower |
| 9:10 | Create | Villager (Male) |
| 9:18 | Create | Archer |
| 9:30 | Create | Spearman |
| 9:31 | Create | Villager (Male) |
| 9:37 | Build | Palisade Wall |
| 9:38 | Build | Palisade Wall |
| 9:59 | Create | Villager (Male) |
| 10:06 | Build | Mining Camp |
| 10:11 | Research | Town Watch |
| 10:14 | Build | House |
| 10:21 | Create | Archer |
| 10:42 | Create | Villager (Male) |
| 11:09 | Create | Villager (Male) |
| 11:17 | Create | Archer |
| 11:19 | Create | Villager (Male) |
| 11:33 | Build | Mill |
| 11:39 | Build | House |
| 11:42 | Create | Villager (Male) |
| 11:57 | Build | Palisade Wall |
| 11:58 | Build | Palisade Wall |
| 12:00 | Build | Palisade Wall |
| 12:03 | Build | Palisade Wall |
| 12:03 | Create | Villager (Male) |
| 12:08 | Create | Villager (Male) |
| 12:11 | Build | Stable |
| 12:23 | Build | House |
| 12:25 | Build | House |
| 12:28 | Create | Archer |
| 12:32 | Create | Villager (Male) |
| 12:54 | Build | House |
| 12:59 | Create | Scout Cavalry |
| 13:01 | Create | Villager (Male) |
| 13:10 | Create | Villager (Male) |
| 13:14 | Build | Blacksmith |
| 13:36 | Build | Watch Tower |
| 13:38 | Build | Palisade Wall |
| 13:39 | Build | Palisade Wall |
| 13:40 | Build | Palisade Wall |
| 13:46 | Create | Archer |
| 13:47 | Create | Scout Cavalry |
| 13:49 | Create | Villager (Male) |
| 14:08 | Build | Farm |
| 14:09 | Build | Farm |
| 14:20 | Create | Villager (Male) |
| 14:23 | Build | Farm |
| 14:36 | Create | Scout Cavalry |
| 14:40 | Research | Fletching |
| 14:40 | Research | Fletching |
| 14:57 | Create | Archer |
| 14:59 | Create | Villager (Male) |
| 15:12 | Build | Farm |
| 15:13 | Build | Farm |
| 15:24 | Create | Scout Cavalry |
| 15:25 | Create | Villager (Male) |
| 15:30 | Build | Watch Tower |
| 15:31 | Build | Palisade Wall |
| 15:33 | Build | Palisade Wall |
| 15:34 | Build | Palisade Wall |
| 15:43 | Build | Farm |
| 15:44 | Build | Farm |
| 15:50 | Build | Palisade Wall |
| 15:51 | Build | Palisade Wall |
| 15:54 | Build | Palisade Wall |
| 15:57 | Create | Villager (Male) |
| 16:00 | Build | Farm |
| 16:04 | Create | Archer |
| 16:05 | Create | Scout Cavalry |
| 16:12 | Build | Farm |
| 16:40 | Create | Scout Cavalry |
| 16:41 | Create | Archer |
| 16:46 | Build | Farm |
| 16:59 | Build | Farm |
| 17:07 | Create | Villager (Male) |
| 17:19 | Create | Archer |
| 17:21 | Create | Scout Cavalry |
| 17:38 | Build | Watch Tower |
| 17:42 | Create | Villager (Male) |
| 17:43 | Build | Palisade Wall |
| 18:01 | Create | Villager (Male) |
| 18:09 | Build | Farm |
| 18:10 | Build | Farm |
| 18:19 | Research | Forging |
| 18:19 | Research | Forging |
| 18:20 | Create | Archer |
| 18:23 | Build | Palisade Wall |
| 18:50 | Create | Villager (Male) |
| 19:01 | Create | Villager (Male) |
| 19:16 | Create | Villager (Male) |
| 19:25 | Build | Farm |
| 19:27 | Build | House |
| 19:30 | Build | Palisade Wall |
| 19:37 | Create | Villager (Male) |
| 19:52 | Create | Archer |
| 19:52 | Create | Scout Cavalry |
| 19:56 | Build | Farm |
| 19:59 | Create | Villager (Male) |
| 20:00 | Build | Market |
| 20:13 | Create | Villager (Male) |
| 20:20 | Build | Archery Range |
| 20:24 | Create | Villager (Male) |
| 20:34 | Build | House |
| 20:37 | Build | House |
| 20:41 | Build | House |
| 20:44 | Create | Villager (Male) |
| 20:55 | Create | Archer |
| 20:58 | Create | Villager (Male) |
| 21:05 | Create | Scout Cavalry |
| 21:09 | Research | Gold Mining |
| 21:14 | Create | Archer |
| 21:19 | Create | Archer |
| 21:20 | Create | Villager (Male) |
| 21:39 | Create | Spearman |
| 21:40 | Create | Villager (Male) |
Build order — OS+ | Sziky
First 150 of 167 actions detected
| 0:01 | Create | Villager (Male) |
| 0:06 | Create | Villager (Male) |
| 0:06 | Create | Villager (Male) |
| 0:47 | Create | Villager (Male) |
| 1:18 | Create | Villager (Male) |
| 1:42 | Create | Villager (Male) |
| 1:55 | Build | Mill |
| 2:18 | Create | Villager (Male) |
| 2:49 | Create | Villager (Male) |
| 2:51 | Create | Villager (Male) |
| 3:48 | Create | Villager (Male) |
| 3:48 | Create | Villager (Male) |
| 3:49 | Create | Villager (Male) |
| 4:00 | Create | Villager (Male) |
| 4:36 | Create | Villager (Male) |
| 4:37 | Create | Villager (Male) |
| 4:54 | Create | Villager (Male) |
| 5:08 | Build | Lumber Camp |
| 5:11 | Create | Villager (Male) |
| 5:13 | Research | Loom |
| 6:45 | Research | Feudal Age |
| 6:45 | Research | Feudal Age |
| 7:33 | Build | Barracks |
| 7:48 | Create | Villager (Male) |
| 8:19 | Build | Palisade Wall |
| 8:19 | Build | Palisade Wall |
| 8:20 | Build | Palisade Wall |
| 8:20 | Build | Palisade Wall |
| 8:55 | Age | Feudal Age |
| 8:59 | Build | Archery Range |
| 9:09 | Research | Double-Bit Axe |
| 9:09 | Research | Double-Bit Axe |
| 9:12 | Create | Spearman |
| 9:13 | Create | Villager (Male) |
| 9:28 | Create | Villager (Male) |
| 9:37 | Create | Skirmisher |
| 9:41 | Build | Palisade Wall |
| 9:52 | Create | Villager (Male) |
| 9:54 | Create | Skirmisher |
| 10:00 | Build | Mill |
| 10:05 | Create | Skirmisher |
| 10:06 | Create | Villager (Male) |
| 10:22 | Create | Skirmisher |
| 10:32 | Create | Villager (Male) |
| 10:45 | Build | Lumber Camp |
| 11:02 | Create | Skirmisher |
| 11:17 | Create | Villager (Male) |
| 11:21 | Create | Villager (Male) |
| 11:26 | Build | Farm |
| 11:27 | Build | Farm |
| 11:32 | Create | Villager (Male) |
| 11:46 | Create | Skirmisher |
| 12:10 | Create | Skirmisher |
| 12:14 | Build | Farm |
| 12:23 | Build | Farm |
| 12:24 | Create | Villager (Male) |
| 12:28 | Create | Skirmisher |
| 12:43 | Create | Spearman |
| 12:48 | Create | Villager (Male) |
| 12:56 | Build | Farm |
| 12:57 | Build | Farm |
| 13:09 | Create | Villager (Male) |
| 13:13 | Create | Skirmisher |
| 13:22 | Build | Farm |
| 13:31 | Create | Villager (Male) |
| 13:37 | Build | Lumber Camp |
| 13:44 | Create | Spearman |
| 13:46 | Create | Villager (Male) |
| 14:25 | Build | Stable |
| 14:29 | Create | Villager (Male) |
| 14:40 | Create | Villager (Male) |
| 14:57 | Create | Skirmisher |
| 14:58 | Create | Spearman |
| 15:02 | Create | Scout Cavalry |
| 15:03 | Create | Scout Cavalry |
| 15:04 | Build | Farm |
| 15:14 | Create | Skirmisher |
| 15:22 | Create | Scout Cavalry |
| 15:24 | Build | Farm |
| 15:26 | Build | Farm |
| 15:29 | Create | Skirmisher |
| 15:36 | Create | Skirmisher |
| 15:38 | Create | Villager (Male) |
| 15:40 | Create | Villager (Male) |
| 15:41 | Build | Blacksmith |
| 15:52 | Create | Skirmisher |
| 15:56 | Create | Spearman |
| 16:02 | Create | Villager (Male) |
| 16:04 | Build | Farm |
| 16:05 | Build | Farm |
| 16:06 | Build | Farm |
| 16:12 | Create | Scout Cavalry |
| 16:19 | Build | Farm |
| 16:28 | Research | Fletching |
| 16:29 | Research | Fletching |
| 16:45 | Create | Villager (Male) |
| 16:49 | Build | Farm |
| 16:50 | Build | Farm |
| 17:00 | Create | Villager (Male) |
| 17:04 | Build | Palisade Wall |
| 17:07 | Create | Spearman |
| 17:11 | Create | Villager (Male) |
| 17:15 | Build | Mining Camp |
| 17:29 | Create | Scout Cavalry |
| 17:38 | Create | Villager (Male) |
| 17:41 | Build | Farm |
| 18:05 | Build | Mining Camp |
| 18:09 | Create | Villager (Male) |
| 18:14 | Build | Watch Tower |
| 18:19 | Create | Scout Cavalry |
| 18:22 | Create | Villager (Male) |
| 18:47 | Create | Skirmisher |
| 18:48 | Create | Scout Cavalry |
| 19:08 | Create | Villager (Male) |
| 19:11 | Build | Farm |
| 19:13 | Build | Farm |
| 19:13 | Build | Farm |
| 19:17 | Create | Scout Cavalry |
| 19:18 | Create | Villager (Male) |
| 19:38 | Build | Watch Tower |
| 19:40 | Create | Villager (Male) |
| 19:42 | Build | Farm |
| 19:44 | Create | Scout Cavalry |
| 19:48 | Create | Skirmisher |
| 20:03 | Create | Villager (Male) |
| 20:11 | Create | Skirmisher |
| 20:28 | Build | Farm |
| 20:43 | Research | Wheelbarrow |
| 20:44 | Research | Wheelbarrow |
| 21:05 | Create | Skirmisher |
| 21:09 | Build | Farm |
| 21:09 | Create | Villager (Male) |
| 21:11 | Build | Farm |
| 21:13 | Build | Farm |
| 21:15 | Create | Skirmisher |
| 21:22 | Create | Villager (Male) |
| 21:43 | Create | Skirmisher |
| 21:53 | Build | Farm |
| 22:50 | Build | Market |
| 22:51 | Create | Villager (Male) |
| 23:08 | Build | Farm |
| 23:18 | Research | Castle Age |
| 23:18 | Research | Castle Age |
| 23:23 | Build | Watch Tower |
| 23:26 | Create | Villager (Male) |
| 23:48 | Build | Stable |
| 23:51 | Research | Bloodlines |
| 23:52 | Research | Bloodlines |
| 23:54 | Create | Spearman |
| 24:09 | Research | Gold Mining |
Match timeline
| 7:33 | OS+ | Sziky · first_building Barracks |
| 7:54 | Dennis哥 · first_building Barracks |
| 8:19 | OS+ | Sziky · wall_segment Palisade Wall x1 |
| 8:19 | OS+ | Sziky · wall_segment Palisade Wall x1 |
| 8:20 | OS+ | Sziky · wall_segment Palisade Wall x1 |
| 8:20 | OS+ | Sziky · wall_segment Palisade Wall x1 |
| 8:27 | Dennis哥 · age_up feudal |
| 8:38 | Dennis哥 · first_building Archery Range |
| 8:55 | OS+ | Sziky · age_up feudal |
| 8:59 | OS+ | Sziky · first_building Archery Range |
| 9:37 | Dennis哥 · wall_segment Palisade Wall x1 |
| 9:38 | Dennis哥 · wall_segment Palisade Wall x1 |
| 9:41 | OS+ | Sziky · wall_segment Palisade Wall x9 |
| 11:57 | Dennis哥 · wall_segment Palisade Wall x1 |
| 11:58 | Dennis哥 · wall_segment Palisade Wall x1 |
| 12:00 | Dennis哥 · wall_segment Palisade Wall x1 |
| 12:03 | Dennis哥 · wall_segment Palisade Wall x1 |
| 12:11 | Dennis哥 · first_building Stable |
| 13:38 | Dennis哥 · wall_segment Palisade Wall x1 |
| 13:39 | Dennis哥 · wall_segment Palisade Wall x1 |
| 13:40 | Dennis哥 · wall_segment Palisade Wall x1 |
| 14:25 | OS+ | Sziky · first_building Stable |
| 15:31 | Dennis哥 · wall_segment Palisade Wall x1 |
| 15:33 | Dennis哥 · wall_segment Palisade Wall x1 |
| 15:34 | Dennis哥 · wall_segment Palisade Wall x1 |
| 15:50 | Dennis哥 · wall_segment Palisade Wall x1 |
| 15:51 | Dennis哥 · wall_segment Palisade Wall x1 |
| 15:54 | Dennis哥 · wall_segment Palisade Wall x1 |
| 17:04 | OS+ | Sziky · wall_segment Palisade Wall x4 |
| 17:43 | Dennis哥 · wall_segment Palisade Wall x1 |
| 18:23 | Dennis哥 · wall_segment Palisade Wall x1 |
| 19:30 | Dennis哥 · wall_segment Palisade Wall x1 |
| 21:54 | Dennis哥 · wall_segment Palisade Wall x1 |
| 22:08 | Dennis哥 · wall_segment Palisade Wall x1 |
| 23:17 | OS+ | Sziky · first_market_buy 100 food |
| 25:03 | OS+ | Sziky · wall_segment Palisade Wall x1 |
| 25:04 | OS+ | Sziky · wall_segment Palisade Wall x1 |
| 25:06 | OS+ | Sziky · wall_segment Palisade Wall x1 |
| 25:40 | Dennis哥 · age_up castle |
| 25:58 | OS+ | Sziky · age_up castle |
| 27:11 | OS+ | Sziky · resign |
[ AI ANALYSIS · 1 CREDIT ]
What really happened in this match?
Wolo.gg analyzes every decision: build order, eco, micro, common mistakes by bracket. Personalized analysis on WhatsApp or Discord in 30 seconds.
Civ guide
Italians
Perfil
Jugador #2912198